Map: 中心协议

Players

IfKing - Winner!

  • Race: Terran Terran
  • League: Gold

shengy

  • Race: Zerg Zerg

VOD

Have the link to the VOD?

Description

Time

  • Played on: Nov. 24, 2015, 7:49 p.m.
  • Length: 20:13
Show
View Real Time Build Order
Export as new Build Order

IfKing Terran - Winner!

Build Orders: Mech 

Get SALT Encoding   

  12  0:01  SCV  
  13  0:13  SCV  
  14  0:19  Supply Depot  
  14  0:25  SCV  
  15  0:35  Refinery  
  15  0:41  SCV  
  16  0:49  Barracks  
  16  0:53  SCV  
  17  1:05  SCV  
  18  1:17  SCV  
  19  1:29  SCV  
  20  1:38  Reaper  
  21  1:42  SCV, Command Center  
  22  1:55  SCV  
  22  1:59  Factory  
  23  2:13  Bunker  
  23  2:17  Orbital Command  
  23  2:20  Supply Depot  
  23  2:42  Marine  
  23  2:43  SCV  
  25  2:48  Supply Depot  
  25  2:51  Factory Tech Lab  
  25  2:55  SCV  
  26  3:00  Marine  
  26  3:01  Orbital Command  
  26  3:02  Supply Depot  
  27  3:07  SCV  
  27  3:12  Widow Mine  
  31  3:20  SCV  
  31  3:32  SCV, Marine  
  33  3:46  SCV  
  34  3:50  Marine  
  34  3:51  Siege Tank  
  34  3:54  SCV  
  39  3:56  Command Center  
  39  3:58  Refinery  
  39  4:05  Supply Depot, SCV  
  39  4:06  SCV  
  39  4:09  Marine  
  42  4:17  SCV  
  42  4:18  SCV  
  44  4:25  Siege Tank  
  44  4:30  SCV x2  
  48  4:37  Supply Depot x2  
  48  4:40  Refinery  
  48  4:42  SCV  
  48  4:43  SCV  
  50  4:53  Marine  
  50  4:54  SCV  
  50  4:55  SCV  
  53  5:06  SCV  
  54  5:07  SCV  
  54  5:08  Supply Depot  
  54  5:11  Refinery  
  55  5:18  SCV  
  56  5:30  Supply Depot  
  56  5:32  SCV  
  56  5:33  SCV  
  58  5:38  Armory  
  58  5:40  Engineering Bay  
  58  5:44  SCV  
  58  5:45  SCV  
  60  5:53  Starport  
  60  5:56  SCV  
  62  5:57  SCV  
  62  5:58  Armory  
  62  6:00  Command Center  
  62  6:07  Building Armor  
  62  6:08  SCV  
  62  6:09  SCV  
  62  6:10  Missile Turret  
  64  6:12  Marine  
  64  6:13  Missile Turret  
  64  6:17  Supply Depot  
  65  6:20  SCV  
  65  6:21  SCV  
  67  6:29  Thor  
  67  6:32  SCV  
  74  6:33  SCV, Viking  
  77  6:40  Supply Depot  
  77  6:44  SCV  
  77  6:46  SCV  
  79  6:47  Marine  
  80  6:56  SCV  
  80  6:57  Terran Vehicle Weapons Level 1  
  80  6:58  SCV, Terran Vehicle And Ship Armor Level 1  
  82  7:08  SCV  
  82  7:12  SCV  
  83  7:21  SCV  
  84  7:24  Orbital Command  
  84  7:31  Factory  
  84  7:32  Factory  
  84  7:33  Planetary Fortress  
  84  7:34  Factory  
  84  7:36  SCV  
  85  7:44  SCV  
  85  7:48  SCV  
  87  7:52  Refinery  
  87  7:54  Refinery  
  87  7:58  Supply Depot x2  
  87  7:59  Supply Depot  
  87  8:00  Supply Depot  
  87  8:08  Thor  
  87  8:09  SCV x2  
  95  8:16  Factory Tech Lab  
  95  8:17  Factory Reactor  
  95  8:21  SCV x2  
  97  8:28  SCV  
  97  8:33  SCV  
  99  8:37  Supply Depot x2  
  99  8:42  SCV  
  100  8:51  Thor, Terran Ship Weapons Level 1  
  100  8:52  Factory Tech Lab  
  100  8:54  Infernal Pre-Igniter  
  106  8:58  Siege Tank  
  106  8:59  Hellbat  
  106  9:00  Hellbat  
  106  9:02  SCV  
  114  9:07  SCV  
  115  9:18  SCV  
  115  9:21  Hellbat  
  115  9:22  SCV  
  115  9:23  Siege Tank  
  122  9:26  Hellion  
  122  9:28  Viking  
  122  9:30  Hellion  
  128  9:32  Missile Turret  
  128  9:34  Missile Turret  
  128  9:36  SCV  
  129  9:40  SCV  
  129  9:42  Command Center  
  117  9:54  Siege Tank  
  117  9:55  Siege Tank, Missile Turret  
  117  9:56  Hellbat x2, Missile Turret  
  121  10:04  Siege Tank  
  124  10:09  SCV  
  124  10:10  SCV  
  126  10:17  Hellbat x2  
  126  10:18  Missile Turret  
  126  10:19  Orbital Command, Missile Turret  
  130  10:21  SCV  
  130  10:26  Siege Tank, SCV  
  130  10:27  Hellion  
  137  10:34  SCV  
  134  10:36  Starport Tech Lab, Hellion  
  134  10:42  Starport  
  124  10:43  Starport  
  124  10:48  Siege Tank  
  124  10:49  SCV  
  122  10:51  Hellion x3, SCV  
  122  10:56  SCV  
  124  10:57  Siege Tank  
  124  10:59  Hellion  
  124  11:00  Hellion x2  
  124  11:03  Terran Vehicle Weapons Level 2, Terran Vehicle And Ship Armor Level 2  
  133  11:21  Hellion  
  133  11:23  Refinery  
  135  11:38  Missile Turret  
  131  11:41  Missile Turret x2  
  124  11:56  Starport Reactor  
  124  12:07  Thor x2  
  124  12:08  Thor  
  136  12:11  Hellbat x2  
  146  12:19  Planetary Fortress  
  146  12:32  Hellbat  
  140  12:52  Thor  
  140  12:53  Thor  
  140  12:54  Thor  
  158  12:59  SCV  
  158  13:00  SCV  
  154  13:27  Refinery, Missile Turret  
  154  13:30  Refinery  
  154  13:35  Thor  
  154  13:36  Raven  
  154  13:38  Starport Tech Lab  
  162  13:53  Sensor Tower  
  162  14:01  SCV  
  163  14:07  Raven  
  165  14:19  Raven  
  164  14:34  Thor  
  120  14:53  Thor  
  120  14:56  Hellbat x2, Hellion  
  120  14:58  SCV x2  
  120  14:59  SCV  
  135  15:11  SCV  
  136  15:19  Missile Turret  
  136  15:23  Hellbat, SCV  
  136  15:24  Hellbat x2  
  143  15:29  Orbital Command  
  143  15:33  Thor  
  143  15:35  SCV  
  150  15:37  Hellbat  
  150  15:40  Missile Turret  
  152  15:45  Hellbat  
  154  15:54  Thor, SCV  
  154  15:56  Hellbat  
  163  15:58  Hellbat, Hellion  
  163  15:59  Missile Turret  
  163  16:02  Missile Turret  
  165  16:04  Missile Turret  
  165  16:08  Missile Turret  
  165  16:13  Terran Vehicle And Ship Armor Level 3  
  165  16:20  Refinery  
  165  16:28  Refinery  
  165  16:34  Missile Turret x2  
  165  16:36  Missile Turret x3  
  165  16:41  Missile Turret  
  165  16:42  Supply Depot  
  171  16:58  Missile Turret  
  171  17:01  Supply Depot  
  171  17:05  Supply Depot  
  168  17:23  Raven  
  168  17:24  Thor x2  
  150  17:48  SCV  
  151  18:06  Raven  
  151  18:07  Thor x2  
  151  18:08  Viking  
  167  18:14  Command Center  
  166  18:24  Missile Turret  
  165  18:44  Missile Turret  
  165  18:48  Raven  
  165  18:52  Hellbat x2  
  171  19:04  Missile Turret  
  171  19:17  Thor  
  171  19:18  Hellbat  
  171  19:19  Hellbat x2  
  183  19:29  Factory  
Show
View Real Time Build Order
Export as new Build Order

shengy Zerg 

Build Orders: Hatch First, Lurkers 

Get SALT Encoding   

  12  0:01  Drone  
  13  0:08  Drone  
  14  0:16  Overlord  
  14  0:35  Drone x3  
  17  0:46  Drone  
  18  1:04  Hatchery  
  17  1:08  Drone  
  18  1:12  Overlord  
  18  1:16  Extractor  
  17  1:19  Drone  
  18  1:29  Drone, Spawning Pool  
  18  1:44  Drone  
  19  1:51  Drone  
  20  2:01  Drone  
  21  2:17  Queen  
  21  2:20  Queen  
  21  2:22  Hatchery  
  24  2:23  Drone  
  25  2:33  Drone x3  
  28  2:38  Drone  
  28  2:40  Drone  
  30  2:51  Drone  
  31  2:52  Drone  
  31  2:56  Overlord  
  32  3:01  Queen  
  34  3:10  Zergling x2  
  35  3:15  Drone x2  
  35  3:17  Overlord  
  37  3:25  Zergling x2  
  38  3:28  Metabolic Boost  
  38  3:41  Extractor  
  36  3:55  Queen  
  38  3:56  Drone  
  38  3:59  Roach Warren, Drone x4, Extractor  
  41  4:06  Evolution Chamber, Drone x5  
  41  4:07  Drone  
  46  4:12  Overlord  
  46  4:23  Drone x3  
  49  4:43  Zerg Missile Weapons Level 1, Extractor  
  48  4:50  Drone x7, Roach Warren  
  48  4:51  Drone x4  
  58  5:00  Overlord x2  
  58  5:01  Overlord  
  57  5:17  Lair  
  57  5:23  Overlord  
  57  5:26  Baneling Nest  
  56  5:33  Roach x4  
  56  5:34  Hatchery  
  63  5:53  Drone x4  
  63  5:54  Drone x2  
  63  5:56  Drone x2  
  71  5:59  Drone x4, Extractor  
  71  6:00  Overlord x2  
  74  6:19  Nydus Network  
  73  6:31  Drone x2  
  73  6:32  Drone x2  
  77  6:33  Overlord  
  77  6:39  Hydralisk Den  
  76  6:45  Zergling x2  
  76  6:48  Drone x3  
  76  6:49  Queen  
  81  6:58  Pneumatized Carapace  
  81  7:00  Zerg Missile Weapons Level 2  
  81  7:02  Overlord  
  81  7:03  Overlord x2  
  81  7:04  Roach  
  81  7:05  Roach x4  
  81  7:06  Roach x6  
  103  7:11  Overseer  
  103  7:23  Roach  
  103  7:24  Roach x4  
  103  7:25  Roach x7  
  103  7:26  Queen  
  129  7:44  Nydus Canal  
  129  7:46  Roach  
  129  7:47  Roach  
  129  7:48  Roach x5  
  129  7:49  Overlord  
  129  7:50  Overlord x3  
  143  7:57  Drone  
  144  7:59  Extractor  
  143  8:10  Hatchery  
  136  8:20  Hatchery  
  136  8:23  Overseer  
  135  8:28  Nydus Canal  
  135  8:31  Overlord x2  
  135  8:35  Spire  
  135  8:36  Drone x3  
  135  8:37  Drone  
  135  8:39  Drone  
  135  8:40  Drone x5  
  144  8:49  Queen  
  144  8:54  Roach  
  144  8:55  Roach x4  
  156  8:56  Roach x3  
  162  9:06  Ravager x2  
  162  9:07  Ravager x9  
  162  9:08  Ravager x2  
  162  9:09  Ravager x3  
  178  9:19  Infestation Pit  
  178  9:20  Spine Crawler x2  
  178  9:22  Spore Crawler  
  174  9:32  Overlord  
  174  9:33  Hydralisk x2  
  174  9:34  Hydralisk x2  
  178  9:53  Hydralisk  
  178  9:54  Hydralisk x6  
  190  10:07  Pathogen Glands  
  190  10:21  Roach  
  190  10:23  Roach x3  
  177  10:53  Lurker Den  
  177  10:54  Mutalisk  
  177  10:55  Mutalisk x4  
  187  10:58  Overlord x5  
  187  11:23  Hatchery  
  187  11:25  Mutalisk x6  
  198  12:11  Burrow  
  198  12:21  Baneling Nest  
  197  12:24  Spore Crawler  
  197  12:25  Spine Crawler  
  197  12:26  Spine Crawler  
  197  12:29  Extractor  
  194  12:30  Extractor  
  152  12:56  Zerg Ground Armor Level 1  
  153  12:58  Ravager x3  
  153  12:59  Ravager x7  
  153  13:00  Ravager x3  
  165  13:08  Lurker x7  
  165  13:11  Zergling x2  
  165  13:12  Zergling x6  
  176  13:13  Zergling x20  
  176  13:14  Zergling x20  
  176  13:15  Zergling x6  
  199  13:33  Hive  
  199  13:38  Evolution Chamber  
  199  13:39  Evolution Chamber  
  195  13:53  Baneling  
  195  13:54  Baneling x2  
  195  13:55  Baneling x10  
  195  13:56  Baneling x7  
  195  13:59  Centrifical Hooks  
  87  14:48  Roach  
  87  14:49  Roach x3  
  87  14:50  Roach x9  
  87  14:51  Roach x10  
  87  14:52  Roach x7  
  143  15:00  Queen  
  143  15:06  Drone  
  146  15:13  Glial Reconstitution  
  146  15:18  Overseer  
  146  15:34  Drone  
  146  15:35  Drone x2  
  149  15:39  Roach  
  149  15:40  Hydralisk x7, Roach x4  
  149  15:41  Hydralisk x5  
  183  15:50  Extractor  
  183  15:52  Extractor  
  181  16:03  Zerg Missile Weapons Level 3  
  181  16:09  Zerg Ground Armor Level 2  
  181  16:10  Zerg Melee Weapons Level 1  
  175  16:29  Roach  
  175  16:30  Roach x5  
  175  16:31  Roach x6  
  199  16:42  Nydus Canal  
  151  17:48  Queen  
  153  18:02  Viper x6  
  153  18:03  Viper  
  174  18:05  Swarm Host  
  177  18:23  Extractor  
  174  18:27  Extractor  
  173  18:41  Tunneling Claws  
  173  18:51  Ultralisk Cavern  
  172  19:20  Roach x8  
  172  19:21  Zergling x2  
  172  19:23  Zergling x18  
  172  19:24  Zergling x20  
  186  19:25  Zergling x8  
  151  19:53  Zergling x2  
  151  19:55  Zergling x4  
  148  20:07  Hatchery  
Tags
 
Composition
LurkersMech
League
Gold
Matchup
TvZ
Add a new tag
Caveats
  • Supply blocks, unpowered buildings, or Contaminate may cause inaccurate times.
  • Supply counts are checked every 10 seconds.